 Dungeon Crawl Stone Soup version 0.23-a0-171-g5ae17c6 (webtiles) character file.

84 digijack the Slasher (level 4, 0/35 HPs)
             Began as a Human Monk on Sept 14, 2018.
             Succumbed to kobold's curare-tipped needle
             ... on level 3 of the Dungeon on Sept 15, 2018.
             The game lasted 00:11:18 (1692 turns).

digijack the Slasher (Human Monk)                   Turns: 1692, Time: 00:11:20

Health: 0/35       AC:  2    Str: 10 (12) XL:     4   Next: 72%
Magic:  4/4        EV: 14    Int: 12 (15) God:
Gold:   102        SH:  0    Dex: 15 (16) Spells: 3/3 levels left

rFire    . . .     SeeInvis .   a - +0 long sword
rCold    + . .     Gourm    .   (no shield)
rNeg     . . .     Faith    .   b - +0 robe
rPois    .         Spirit   .   (no helmet)
rElec    .         Reflect  .   (no cloak)
rCorr    .         Harm     .   (no gloves)
MR       .....                  (no boots)
Stlth    ++........             (no amulet)
HPRegen  0.11/turn              d - ring of protection from cold
MPRegen  0.09/turn              (no ring)

@: brilliant, lethally poisoned (0 -> -4), slowed, very slow
A: no striking features
a: no special abilities


You were on level 3 of the Dungeon.
You were not hungry.

You visited 1 branch of the dungeon, and saw 3 of its levels.

You collected 102 gold pieces.

Inventory:

Hand Weapons
 a - a +0 long sword (weapon)
Missiles
 e - 76 stones (quivered)
Armour
 b - a +0 robe (worn)
Jewellery
 d - a ring of protection from cold (left hand)
Potions
 g - a potion of flight
 h - a potion of cancellation
Comestibles
 c - 3 rations


   Skills:
 + Level 3.5 Fighting
 * Level 4.2 Long Blades
 + Level 3.6 Dodging
 - Level 2.0 Stealth


You had 3 spell levels left.
You didn't know any spells.
Your spell library was empty.

Dungeon Overview and Level Annotations

Branches:
Dungeon (3/15)

Altars:


Message History

You kill the hobgoblin!
The kobold shoots a curare-tipped needle.
The curare-tipped needle hits you.
You are poisoned.
You have difficulty breathing.
* * * LOW HITPOINT WARNING * * *
You feel yourself slow down.
It was a potion of brilliance.
You feel clever all of a sudden.
* * * LOW HITPOINT WARNING * * *
You feel sick.
The kobold unwields an uncursed blowgun.
The kobold wields an uncursed dagger.
The kobold closely misses you.
* * * LOW HITPOINT WARNING * * *
You feel sick.
The kobold hits you with an uncursed dagger.
* * * LOW HITPOINT WARNING * * *
* * * LOW HITPOINT WARNING * * *
You feel sick. The kobold closely misses you.
You die...

#....#.##
#######.#....##
.......<.......
##......#.#.###
#......#.#
#......# #
########.# ####
.......#.# .....
.......#@# .....
.......#K#......
.......lw#......
................
.#.....(#......
##....).......
##...†.......
#..≈≈.......
#.≈..≈......


You could see a worm, a kobold and a frilled lizard.

Vanquished Creatures
  2 adders (D:2)
  An ooze (D:1)
  3 leopard geckos (D:1)
  A ball python (D:1)
  4 giant cockroaches
  12 goblins
  7 hobgoblins
  7 jackals (D:2)
  A quokka (D:2)
  2 bats (D:1)
  4 frilled lizards (D:1)
  3 kobolds
  4 rats (D:1)
51 creatures vanquished.

Notes
Turn   | Place    | Note
-------+----------+-------------------------------------------
     0 | D:1      | digijack the Human Monk began the quest for the Orb.
     0 | D:1      | Reached XP level 1. HP: 18/18 MP: 1/1
    80 | D:1      | Reached XP level 2. HP: 14/24 MP: 2/2
   389 | D:1      | Reached XP level 3. HP: 18/29 MP: 3/3
  1075 | D:2      | Reached XP level 4. HP: 35/35 MP: 4/4
  1086 | D:2      | Found a faded altar of an unknown god.
  1104 | D:2      | Reached skill level 4 in Long Blades
  1691 | D:3      | HP: 1/35 [poisoned by kobold (curare-tipped needle)]
  1692 | D:3      | Succumbed to kobold's curare-tipped needle

Vault maps used:
D:1:      mrwooster_arrival_statue_3
D:2:      elyvilon_altar_3, chequers_ecumenical_altar_simple, uniq_terence
D:3:      cheibrodos_helix_gallery, tso_altar, first_ration

Skill      XL: |  1  2  3  4 |
---------------+-------------+-----
Long Blades    | 4 |  4.2
Fighting       | |  3.5
Dodging        | |  3.6
Stealth        | |  2.0

Action                   |  1- 3 |  4- 6 || total
-------------------------+-------+-------++-------
Melee: Falchion          |    78 |    31 ||   109
       Long sword        |       |    14 ||    14
  Use: Potion            |     1 |     2 ||     3
       Scroll            |     5 |     1 ||     6
 Stab: Sleeping          |     2 |       ||     2
  Eat: Chunk             |     1 |     2 ||     3
Armor: Robe              |    14 |     7 ||    21
Dodge: Dodged            |    71 |    64 ||   135
       Rpst.: Falchion   |    25 |    15 ||    40
       Long sword        |       |     4 ||     4

Table legend:
 A = Non-vault XP
 B = Vault XP
 C = Vault XP percentage of total XP
 D = Non-vault monster count
 E = Vault monster count
 F = Vault count percentage of total count
                 A         B        C        D         E       F
            +---------+---------+-------+---------+---------+-------
      Total |     118 |       2 |   1.7 |      50 |       1 |   2.0
            +---------+---------+-------+---------+---------+-------
        D:1 |      62 |       0 |   0.0 |      32 |       0 |   0.0
        D:2 |      50 |       0 |   0.0 |      15 |       0 |   0.0
        D:3 |       6 |       2 |  25.0 |       3 |       1 |  25.0
            +---------+---------+-------+---------+---------+-------
